Map: Odyssey LE

Players

Lambo - Winner!

  • Race: Zerg Zerg
  • Spawn Location: 11:00

Winter

  • Race: Zerg Zerg
  • Spawn Location: 5:00

Event: WCS Jonkoping 2017

VOD

Have the link to the VOD?

Description

Time

  • Played on: June 17, 2017, 1:23 p.m.
  • Length: 7:51

All games in this series

Show
View Real Time Build Order
Export as new Build Order

Lambo Zerg - Winner!

Build Orders: Hatch First, Zergling Baneling 

Get SALT Encoding   

  12  0:00  Drone  
  13  0:12  Overlord  
  13  0:17  Drone  
  14  0:30  Drone x2  
  14  0:34  Drone  
  17  0:51  Hatchery  
  17  0:54  Drone  
  17  0:58  Drone  
  18  1:08  Extractor  
  17  1:12  Spawning Pool  
  17  1:15  Drone  
  17  1:20  Drone  
  18  1:29  Drone  
  19  1:41  Overlord  
  19  1:49  Drone  
  20  1:58  Queen  
  20  2:00  Zergling x2  
  23  2:03  Queen, Zergling x2  
  26  2:08  Metabolic Boost  
  26  2:11  Drone  
  26  2:14  Drone  
  28  2:24  Drone  
  29  2:30  Baneling Nest, Drone  
  29  2:34  Zergling x2  
  30  2:39  Zergling x2  
  29  2:52  Drone x2  
  29  2:55  Queen  
  29  2:57  Zergling x4  
  35  3:04  Overlord  
  35  3:13  Zergling x2  
  35  3:17  Baneling x2  
  36  3:23  Zergling x14  
  36  3:26  Zergling x2  
  41  3:31  Zergling x2  
  41  3:33  Zergling x2  
  41  3:40  Zergling x2  
  39  3:45  Baneling  
  39  3:46  Baneling  
  39  3:47  Zergling x2  
  40  3:52  Queen  
  41  3:56  Baneling x3  
  41  3:57  Drone x2  
  43  4:05  Overlord  
  43  4:07  Drone  
  44  4:10  Baneling  
  44  4:11  Baneling  
  44  4:23  Queen  
  46  4:24  Overlord  
  46  4:30  Drone x3  
  49  4:32  Drone x2  
  51  4:38  Drone  
  51  4:44  Overlord  
  52  4:47  Drone x2  
  54  4:57  Evolution Chamber, Drone x2  
  54  4:58  Roach Warren  
  53  5:03  Lair  
  53  5:04  Drone  
  54  5:09  Drone x3  
  57  5:15  Drone x3  
  57  5:16  Extractor  
  57  5:19  Drone  
  60  5:25  Extractor  
  60  5:28  Drone x2  
  61  5:30  Zerg Missile Weapons Level 1  
  61  5:43  Hatchery, Overlord  
  60  5:51  Roach x3  
  60  5:52  Roach  
  68  6:04  Roach x4  
  74  6:15  Overlord  
  72  6:19  Glial Reconstitution, Overlord  
  72  6:24  Roach x2  
  75  6:32  Overlord x2  
  75  6:33  Queen  
  75  6:35  Overlord  
  75  6:37  Overlord  
  83  6:40  Roach x4  
  73  6:48  Roach  
  73  6:52  Roach x3  
  81  6:58  Roach x2  
  85  7:01  Roach  
  85  7:06  Baneling x3  
  86  7:08  Roach  
  86  7:13  Zergling x4  
  90  7:16  Baneling x2  
  90  7:17  Baneling  
  90  7:20  Roach  
  90  7:22  Baneling  
  92  7:29  Roach  
Show
View Real Time Build Order
Export as new Build Order

Winter Zerg 

Build Orders: Hatch First 

Get SALT Encoding   

  12  0:00  Drone  
  13  0:08  Drone  
  14  0:35  Hatchery  
  13  0:38  Drone  
  14  0:53  Spawning Pool  
  13  0:57  Drone  
  13  1:00  Extractor  
  13  1:03  Drone  
  14  1:12  Overlord  
  14  1:20  Overlord  
  14  1:40  Zergling x4  
  14  1:41  Zergling x2  
  17  1:51  Queen  
  19  2:01  Metabolic Boost  
  19  2:06  Zergling x2  
  19  2:07  Zergling x2  
  21  2:11  Zergling x2  
  21  2:15  Zergling x2  
  23  2:19  Zergling x2  
  24  2:23  Zergling x2  
  24  2:26  Zergling x2  
  26  2:33  Zergling x4  
  28  2:41  Zergling x4  
  30  2:50  Zergling x2  
  29  2:53  Zergling x2  
  29  2:56  Zergling x2  
  30  2:59  Zergling x4  
  30  3:03  Zergling x2  
  33  3:08  Zergling x2  
  33  3:10  Zergling x2  
  34  3:24  Zergling x4  
  34  3:28  Zergling x2  
  34  3:29  Zergling x2  
  34  3:34  Zergling x4  
  30  3:37  Zergling x2  
  30  3:39  Zergling x2  
  30  3:43  Zergling x2  
  28  3:52  Drone x2  
  27  4:03  Drone x2  
  29  4:11  Baneling Nest  
  29  4:16  Drone  
  29  4:18  Drone  
  29  4:23  Drone  
  31  4:28  Drone  
  32  4:38  Queen  
  32  4:40  Drone  
  35  4:50  Drone  
  36  4:52  Overlord  
  36  4:54  Baneling  
  36  4:55  Baneling  
  36  5:05  Overlord  
  36  5:12  Drone x5  
  41  5:22  Drone x2  
  41  5:23  Evolution Chamber  
  41  5:26  Drone  
  41  5:27  Drone  
  44  5:32  Zergling x4  
  46  5:36  Drone  
  46  5:40  Lair  
  46  5:43  Baneling x3  
  46  5:46  Baneling  
  46  5:47  Zergling x2  
  47  5:50  Baneling  
  47  5:55  Extractor  
  46  5:57  Extractor x2, Overlord  
  46  5:58  Drone x2  
  46  6:00  Drone  
  46  6:05  Zergling x4  
  46  6:08  Baneling  
  46  6:16  Zergling x6, Spine Crawler  
  47  6:18  Baneling  
  45  6:26  Drone x2  
  45  6:27  Drone  
  45  6:30  Drone x2  
  50  6:36  Overlord  
  50  6:38  Drone  
  51  6:41  Drone  
  49  6:49  Drone  
  49  6:52  Spine Crawler  
  49  6:54  Spire  
  47  7:02  Spine Crawler  
  47  7:05  Spine Crawler  
  45  7:08  Baneling  
  45  7:09  Baneling, Spine Crawler  
  45  7:10  Baneling  
  44  7:18  Baneling x3, Spine Crawler  
  44  7:21  Zergling x2  
  44  7:22  Zergling x2  
  45  7:26  Drone x2  
  47  7:34  Zergling x2  
Tags
 
Add a new tag
Caveats
  • Supply blocks, unpowered buildings, or Contaminate may cause inaccurate times.
  • Supply counts are checked every 10 seconds.